 Dungeon Crawl Stone Soup version 0.21.1-1-g345015f (webtiles) character file.

805 aMcNicky the Ruffian (level 7, -5/87 HPs)
             Began as a Red Draconian Transmuter on Mar 31, 2018.
             Was a Follower of Nemelex Xobeh.
             Killed by divine providence
             ... invoked by an orc priest
              (12 damage)
             ... on level 4 of the Dungeon.
             The game lasted 00:50:32 (6033 turns).

aMcNicky the Ruffian (Red Draconian Transmuter)     Turns: 6033, Time: 00:50:32

Health: -5/87      AC: 23    Str: 14    XL:     7   Next: 60%
Magic:  12/12      EV:  2    Int: 14    God:    Nemelex Xobeh [*.....]
Gold:   134        SH:  3    Dex: 11    Spells: 7/13 levels left

rFire    . . .     SeeInvis .     - Unarmed
rCold    . . .     Gourm    .   r - +0 buckler {reflect}
rNeg     + + +     Faith    .   (armour unavailable)
rPois    +         Spirit   .   (helmet currently unavailable)
rElec    .         Reflect  +   (cloak currently unavailable)
rCorr    .         Harm     .   (gloves currently unavailable)
MR       .....     NoTele   +   (boots currently unavailable)
Stlth    +.........             (no amulet)
HPRegen  0.24/turn              n - ring of wizardry
MPRegen  0.13/turn              (no ring)

@: tree-form, fainting, slowed, very slow
A: (breathe fire), unfitting armour, AC +6
a: Renounce Religion


You were on level 4 of the Dungeon.
You worshipped Nemelex Xobeh.
Nemelex Xobeh was aware of your devotion.
You were fainting.
You were a tree.
You visited 1 branch of the dungeon, and saw 4 of its levels.

You collected 134 gold pieces.

Inventory:

Hand Weapons
 d - a +0 dagger
 e - a cursed +0 club
Missiles
 a - 22 arrows
Armour
 f - a +0 cloak (melded)
 j - a +0 leather armour
 l - a +0 pair of boots (melded)
 r - a +0 buckler of reflection (worn)
Jewellery
 n - a ring of wizardry (left branch)
Scrolls
 i - a scroll of blinking
 m - 3 scrolls of remove curse {@r2}
 t - a scroll of teleportation {unknown}
 v - a scroll of magic mapping {unknown}
Potions
 g - a potion of degeneration {unknown}
 k - 3 potions of lignification
 p - a potion of heal wounds {unknown}
 q - 2 potions of ambrosia
 s - a potion of berserk rage {unknown}
 u - a potion of might
 w - a potion of magic {unknown}
Books
 b - a book of Changes

   Spells                             Type                      Level
   a - Beastly Appendage              Transmutation                1
   b - Sticks to Snakes               Transmutation                2
   c - Spider Form                    Transmutation/Poison         3
   d - Ice Form                       Ice/Transmutation            4
   e - Blade Hands                    Transmutation                5
Miscellaneous
 h - a plain deck of escape {drawn: 2}


   Skills:
 + Level 3.7 Fighting
 + Level 3.8 Dodging
 + Level 5.1 Unarmed Combat
 + Level 3.9 Spellcasting
 + Level 4.2 Transmutations


You had 7 spell levels left.
You knew the following spells:

 Your Spells              Type           Power        Failure   Level  Hunger
a - Beastly Appendage     Tmut           ##....       2%          1    None
b - Sticks to Snakes      Tmut           ##......     3%          2    ##.....
c - Spider Form           Tmut/Pois      #.........   16%         3    ###....


Dungeon Overview and Level Annotations

Branches:
Dungeon (4/15)             Temple (0/1) D:4

Altars:
Ashenzari
Kikubaaqudgha
Nemelex Xobeh
Okawaru
Vehumet
Wu Jian

Annotations:
D:3 exclusion: 2 downstairs
D:4 exclusion: statue


Innate Abilities, Weirdness & Mutations

((You can breathe blasts of fire.))
((Your fiery red scales are hard. (AC +6)))
You cannot fit into any form of body armour.
((Your flesh is heat resistant. (rF+)))
((You are cold-blooded and may be slowed by cold attacks.))


Message History

You cannot move.
You cannot move.
You cannot move.
You cannot move.
You cannot move.
You cannot move.
You closely miss the orc wizard.
The phantom blinks!
The orc wizard hits you but does no damage. x2
You hit the orc wizard.
The orc wizard is heavily wounded.
The orc wizard hits you but does no damage.
You hit the orc wizard.
The orc wizard is lightly wounded.
The orc wizard hits you but does no damage. x2
The orc wizard hits you with a dagger.
* * * LOW HITPOINT WARNING * * *
The orc priest mumbles some strange prayers to Beogh against you.
Beogh smites you!
You die...
Your body disappears without a glow.

#.# ## #.# #.
####.# ### ..
..##.# #.#
#.##.##.### #.#
#.##.##...## #.#
#.##.##.#..####.#
#............oo♣#
#..##########o#o#
#..##..
#..#o.......
#..#.#
.§.##.###.##. .
#...# ....# ... .
##).## #(8.# ...
.###. ....# #.o$
#..## .... #>..#
#... .... ...
###.# #8#. #..#
###.


You could see an orc priest, 2 orc wizards and 2 orcs.

Vanquished Creatures
  Pikel (D:3)
  An orc warrior (D:4)
  2 slaves
  An orc priest (D:3)
  An orc wizard (D:4)
  Ijyb (D:3)
  Natasha (D:3)
  A worker ant (D:4)
  2 adders
  3 gnolls
  A dart slug (D:1)
  A leopard gecko (D:3)
  7 orcs
  6 bats
  3 giant cockroaches
  9 goblins
  12 hobgoblins
  2 quokkas
  2 ball pythons
  2 frilled lizards (D:3)
  6 kobolds
  5 rats
70 creatures vanquished.

Vanquished Creatures (others)
  A gnoll (D:3)
1 creature vanquished.

Grand Total: 71 creatures vanquished

Notes
Turn   | Place    | Note
-------+----------+-------------------------------------------
     0 | D:1      | aMcNicky the Draconian Transmuter began the quest for the Orb.
     0 | D:1      | Reached XP level 1. HP: 16/16 MP: 3/3
   291 | D:1      | Found a sparkling altar of Nemelex Xobeh.
   303 | D:1      | Became a worshipper of Nemelex Xobeh the Trickster
   361 | D:1      | Received a gift from Nemelex Xobeh
   596 | D:1      | Reached XP level 2. HP: 23/23 MP: 3/5
   600 | D:1      | Learned a level 2 spell: Sticks to Snakes
  1327 | D:2      | Reached * piety under Nemelex Xobeh
  1565 | D:2      | Found an ancient bone altar of Kikubaaqudgha.
  1826 | D:2      | Reached XP level 3. HP: 24/28 MP: 0/6
  2032 | D:2      | Found an iron altar of Okawaru.
  2739 | D:3      | Learned a level 3 spell: Spider Form
  2913 | D:2      | Found a shattered altar of Ashenzari.
  3140 | D:3      | Reached XP level 4. HP: 33/35 MP: 7/7
  3314 | D:3      | Noticed Ijyb
  3785 | D:3      | Found an ornate altar of the Wu Jian Council.
  4082 | D:3      | Killed Ijyb
  4082 | D:3      | Reached skill level 4 in Unarmed Combat
  4261 | D:4      | Reached XP level 5. HP: 36/41 MP: 7/9
  4489 | D:4      | Found a radiant altar of Vehumet.
  4489 | D:4      | Noticed a charred statue
  4598 | D:4      | Noticed a slave
  4598 | D:4      | Noticed a slave
  4598 | D:4      | Noticed a slave
  4599 | D:4      | Noticed Pikel
  4600 | D:4      | Noticed a slave
  4627 | D:4      | Found a staircase to the Ecumenical Temple.
  4657 | D:3      | Killed a slave
  5081 | D:4      | Noticed a phantom
  5141 | D:4      | Noticed Natasha
  5147 | D:3      | Killed Natasha
  5530 | D:4      | Killed a slave
  5617 | D:3      | Killed Pikel
  5617 | D:3      | Reached skill level 5 in Unarmed Combat
  5617 | D:3      | Reached XP level 6. HP: 11/51 MP: 4/11
  5617 | D:3      | Your scales start taking on a fiery red colour.
  5617 | D:3      | Reached XP level 7. HP: 12/57 MP: 4/12
  5617 | D:3      | Gained mutation: Your flesh is heat resistant. (rF+) [Red Draconian growth]
  6033 | D:4      | Killed from afar by an orc priest

Skill      XL: |  1  2  3  4  5 |
---------------+----------------+-----
Dodging        | 2 3 |  3.8
Unarmed Combat | 4 5 |  5.1
Fighting       | 3 |  3.7
Transmutations | 4 |  4.2
Spellcasting   | 3 |  3.9

Action                   |  1- 3 |  4- 6 |  7- 9 || total
-------------------------+-------+-------+-------++-------
Melee: Unarmed           |   128 |   103 |    36 ||   267
       Headbutt          |    11 |    11 |       ||    22
       Tailslap          |     9 |     7 |       ||    16
 Cast: Beastly Appendage |    31 |    11 |       ||    42
       Sticks to Snakes  |     6 |     3 |       ||     9
       Spider Form       |     4 |     4 |       ||     8
Evoke: Deck              |       |     2 |       ||     2
  Use: Scroll            |     4 |     3 |       ||     7
       Potion            |       |     2 |     1 ||     3
  Eat: Chunk             |     5 |     1 |       ||     6
       Ration            |     1 |     2 |       ||     3
Armor: Skin              |    35 |    24 |    22 ||    81
Dodge: Dodged            |   104 |    99 |    16 ||   219
Block: Buckler           |     4 |    13 |     2 ||    19
